 Dungeon Crawl Stone Soup version 0.26-a0-1164-g1a551d6a14 (webtiles) character file.

Game seed: 7941007679402861142

7940 lordlovebone the Spear-Bearer (level 10, -2/59 (78) HPs)
             Began as a Demigod Wanderer on Dec 24, 2020.
             Slain by an orc warrior
             ... wielding a +0 scimitar
              (12 damage)
             ... on level 13 of the Dungeon.
             The game lasted 00:41:39 (16583 turns).

lordlovebone the Spear-Bearer (Demigod Wanderer)   Turns: 16583, Time: 00:41:40

HP:   -2/59 (78)    AC:  7    Str: 21    XL:     10   Next: 73%
MP:   10/16         EV: 11    Int: 23    God:
Gold: 698           SH:  0    Dex: 14    Spells: 2/13 levels left

rFire    . . .     SeeInvis .   a - +9 trident (freeze) (curse)
rCold    . . .     Faith    .   (no shield)
rNeg     . . .     Spirit   .   H - +1 leather armour {Will+}
rPois    .         Reflect  .   T - +0 helmet
rElec    .         Harm     .   F - scarf {+Inv}
rCorr    .         Rampage  .   j - +0 pair of gloves
Will     ++...                  Q - +0 pair of boots
Stlth    +.........             (no amulet)
HPRegen  0.19/turn              n - +6 ring of intelligence
MPRegen  0.15/turn              B - ring of wizardry {Wiz+, !d}

@: heavily drained
A: high mp 1
a: Evoke Invisibility


You were on level 13 of the Dungeon.
You visited 1 branch of the dungeon, and saw 13 of its levels.

You collected 698 gold pieces.

Inventory:

Hand Weapons
 a - a cursed +9 trident of freezing (weapon)
   (You took it off a wight on level 11 of the Dungeon)
 O - a +2 dagger of draining
   (You took it off an orc wizard on level 9 of the Dungeon)
 U - a +3 halberd
   (You took it off a wight on level 11 of the Dungeon)
Missiles
 f - 8 curare-tipped darts
 g - 63 poisoned darts (quivered)
 h - 151 stones
 q - 6 silver javelins
 s - 3 boomerangs
 A - 59 sling bullets
 I - 6 atropa-tipped darts
Armour
 j - a +0 pair of gloves (worn)
   (You found it on level 1 of the Dungeon)
 r - a +1 scale mail of cold resistance
   (You took it off Terence on level 2 of the Dungeon)
 F - a scarf of invisibility (worn)
   (You found it on level 5 of the Dungeon)
 H - a +1 leather armour of willpower (worn)
   (You found it on level 8 of the Dungeon)
 Q - a +0 pair of boots (worn)
   (You found it on level 2 of the Dungeon)
 T - a +0 helmet (worn)
   (You found it on level 10 of the Dungeon)
Jewellery
 c - a +4 ring of evasion
   (You found it on level 11 of the Dungeon)
 d - an uncursed ring of magical power {MP+9}
   (You found it on level 11 of the Dungeon)
 n - a +6 ring of intelligence (left hand)
   (You took it off a gnoll on level 2 of the Dungeon)
 p - an uncursed ring of positive energy {rN+}
   (You found it on level 14 of the Dungeon)
 w - an uncursed ring of fire {rF+, rC-}
   (You found it on level 11 of the Dungeon)
 y - an uncursed ring of protection from cold {rC+, !d}
   (You found it on level 3 of the Dungeon)
 B - a ring of wizardry (right hand) {Wiz+, !d}
   (You found it on level 5 of the Dungeon)
Wands
 E - a wand of random effects (8)
   (You took it off Ijyb on level 5 of the Dungeon)
 L - a wand of paralysis (7)
   (You found it on level 9 of the Dungeon)
 P - a wand of digging (5)
   (You found it on level 10 of the Dungeon)
 R - a wand of polymorph (5)
   (You found it on level 10 of the Dungeon)
 S - a wand of flame (20)
   (You found it on level 10 of the Dungeon)
Scrolls
 k - 2 scrolls of enchant weapon
 t - 3 scrolls of enchant armour
 u - a scroll of immolation {!r}
 x - 6 scrolls of remove curse
 z - 3 scrolls of teleportation
 D - a scroll of noise {!r}
 G - 2 scrolls of amnesia
 J - a scroll of silence
Potions
 b - a potion of haste {unknown}
 e - a potion of heal wounds {unknown}
 i - 3 potions of degeneration {unknown}
 l - 7 potions of might {unknown}
 m - 2 potions of attraction {!q}
 o - a potion of mutation {!q}
 v - 4 potions of curing
 K - a potion of lignification {!q}
 N - a potion of invisibility {unknown}


   Skills:
 - Level 3.9 Fighting
 + Level 13.3 Polearms
 - Level 1.0 Throwing
 - Level 1.0 Stealth
 - Level 1.0 Shields
 - Level 2.0 Spellcasting
 - Level 1.1 Conjurations
 - Level 4.5 Summonings
 - Level 1.0 Transmutations
 - Level 1.0 Air Magic
 - Level 1.0 Poison Magic
 - Level 5.0 Evocations


You had 2 spell levels left.
You knew the following spells:

 Your Spells              Type           Power        Failure   Level
a - Magic Dart            Conj           28%          4%          1
b - Blink                 Tloc           N/A          9%          2
c - Call Imp              Summ           23%          1%          2
d - Conjure Flame         Conj/Fire      4%           14%         3
x - Mephitic Cloud        Conj/Pois/Air  7%           12%         3

Your spell library contained the following spells:

 Spells                   Type           Power        Failure   Level
 Slow                     Hex            2%           9%          2
 Cause Fear               Hex            1%           47%         4
 Silence                  Hex/Air        2%           75%         5
 Yara's Violent Unravell  Hex/Tmut       2%           75%         5
 Discord                  Hex            1%           100%        8


Dungeon Overview and Level Annotations

Branches:
Dungeon (14/15)            Temple (0/1) D:6            Lair (0/6) D:8
    Orc (0/2) D:9
 Vaults: D:13-14

Annotations:
D:5 ice beast excl, exclusion: door
D:8 2 transporters, exclusion: ice statue, Forgeling's ghost, novice FoDe
D:9 exclusions: door and slime creature


Innate Abilities, Weirdness & Mutations

You have an increased reservoir of magic. (+10% MP)


Message History

There is a stone staircase leading down here.
You take 4 damage, and have 54/78 hp.
Unknown command.
Unknown command.
Unknown command.
Okay, then.
Unknown command.
Casting: Mephitic Cloud (dangerous; 12% risk of failure)
Confirm with . or Enter, or press ? or * to list all spells.
You blink.
You now have 14/16 mp.
Unknown command.
Unknown command.
Casting: Blink (safe; 9% risk of failure)
Confirm with . or Enter, or press ? or * to list all spells.
You blink.
The vampire mosquito closely misses you.
You now have 12/16 mp.
Unknown command.
Unknown command.
Casting: Blink (safe; 9% risk of failure)
Confirm with . or Enter, or press ? or * to list all spells.
You blink.
The scorpion barely misses you.
You now have 10/16 mp.
Unknown command.
Unknown command.
Unknown command.
Casting: Blink (safe; 9% risk of failure)
Confirm with . or Enter, or press ? or * to list all spells.
You blink.
You now have 8/16 mp.
Unknown command.
Unknown command.
Okay, then.
Unknown command.
Unknown command.
As you read the scroll of teleportation, it crumbles to dust.
You feel strangely unstable.
You feel drained.
You fail to use your ability.
The vampire mosquito bites you!
The vampire mosquito draws strength from your injuries!
You take 10 damage, and have 45/73 hp.
Unknown command.
Your surroundings suddenly seem different.
A death knight comes into view. It is wielding a +0 broad axe.
The death knight shouts!
A phantasmal warrior comes into view.
The death knight offers itself to Yredelemnul, and fills with unholy energy.
A phantasmal warrior comes into view.
A necrophage comes into view.
A vampire comes into view.
Found a scroll of noise.
Found a stone staircase leading up.
Unknown command.
As you read the scroll of teleportation, it crumbles to dust.
You feel strangely unstable.
A freezing wraith comes into view.
Unknown command.
Unknown command.
The phantasmal warrior blinks!
Unknown command.
Unknown command.
The vampire hits you. The vampire misses you.
You take 6 damage, and have 40/73 hp.
Unknown command.
Unknown command.
Your surroundings suddenly seem different.
An orc warrior comes into view. It is wielding a +0 scimitar.
The orc warrior shouts!
An orc comes into view. It is wielding a +0 war axe.
The orc shouts!
A centaur comes into view.
The centaur shouts!
You hear a shout!
A centaur warrior comes into view.
The centaur wields a shortbow.
The centaur shoots an arrow.
The arrow hits you!
An ice beast comes into view.
An orc priest comes into view. It is wielding a +0 club.
The orc warrior hits you with a +0 scimitar!
* * * LOW HITPOINT WARNING * * *
A centaur comes into view. It is wielding a +0 shortbow.
You see here an arrow.
You take 21 damage, and have 19/73 hp.
MASSIVE DAMAGE!!
Okay, then.
Okay, then.
Okay, then.
You feel drained.
You fail to use your ability.
The centaur shoots an arrow.
The arrow completely misses you.
The centaur warrior wields a +0 shortbow.
The centaur warrior shoots an arrow.
The arrow hits you!
* * * LOW HITPOINT WARNING * * *
The orc priest hits you but does no damage.
Unknown command.
You take 10 damage, and have 9/66 hp.
Unknown command.
You feel drained.
You fail to use your ability.
The orc warrior hits you with a +0 scimitar!
You die...

########+#
.........#
.........#
.c....ooo+
..c.c..@(#
..Y......#
.........#
##..##.###
#. ## .. .


You could see a centaur warrior, an orc warrior, an ice beast, 2 centaurs, an
orc priest and an orc.

Vanquished Creatures
  2 unseen horrors (D:11)
  A centaur zombie (D:11)
  A centaur skeleton (D:11)
  10 yaks
  A shadow (D:11)
  Menkaure (D:4)
  An ice beast (D:9)
  A sky beast (D:6)
  2 phantoms
  5 black bears
  A necrophage (D:9)
  3 orc warriors
  7 ogres
  4 centaurs
  2 big kobolds
  5 bullfrogs
  5 wights (D:11)
  A howler monkey (D:11)
  3 bullfrog zombies
  3 quasits
  2 hounds
  A jelly (D:8)
  11 orc wizards
  4 bullfrog skeletons
  10 orc priests
  5 iguanas
  6 worker ants
  A killer bee zombie (D:7)
  A hound zombie (D:5)
  A hound skeleton (D:5)
  2 worker ant zombies
  7 gnolls
  6 adders
  A shadow imp (D:6)
  2 white imps
  4 ufetubi
  An ooze (D:2)
  An adder skeleton (D:4)
  4 worms
  2 dart slugs (D:1)
  8 leopard geckos
  34 orcs
  2 ball pythons
  11 bats
  4 giant cockroaches
  6 goblins
  9 hobgoblins
  6 jackals
  A quokka (D:5)
  5 frilled lizards
  18 kobolds
  2 quokka skeletons
  4 rats
241 creatures vanquished.

Vanquished Creatures (collateral kills)
  A water moccasin (D:11)
  2 ice beasts (D:7)
  A bullfrog (D:7)
  Crazy Yiuf (D:4)
  Ijyb (D:5)
  Terence (D:2)
  2 adders
  An orc (D:7)
10 creatures vanquished.

Vanquished Creatures (others)
  2 orcs (D:10)
2 creatures vanquished.

Grand Total: 253 creatures vanquished

Notes
Turn   | Place    | Note
-------+----------+-------------------------------------------
     0 | D:1      | lordlovebone the Demigod Wanderer began the quest for the
                  | Orb.
     0 | D:1      | lordlovebone set off with the following items: a +0 club, a
                  | potion of lignification {!q}, a potion of curing, a +0
                  | robe; and the following spell memorised: Magic Dart; and
                  | the following spells available to memorise: Call Imp,
                  | Blink, Slow, Mephitic Cloud, Conjure Flame
     0 | D:1      | Reached XP level 1. HP: 14/14 MP: 4/4
   173 | D:2      | Reached skill level 1 in Fighting
   677 | D:1      | Reached XP level 2. HP: 22/23 MP: 0/5
   685 | D:1      | Learned a level 2 spell: Call Imp
   837 | D:1      | HP: 4/24 [hobgoblin/+0 club (3)]
  1041 | D:1      | Reached skill level 2 in Fighting
  1721 | D:2      | Reached XP level 3. HP: 26/30 MP: 6/6
  1730 | D:2      | Reached skill level 3 in Fighting
  2135 | D:2      | Reached XP level 4. HP: 38/38 MP: 6/8
  2166 | D:2      | Noticed Terence
  2195 | D:2      | Killed Terence
  2688 | D:2      | Reached skill level 1 in Polearms
  2688 | D:2      | Reached skill level 1 in Throwing
  3358 | D:3      | Reached XP level 5. HP: 42/46 MP: 9/9
  3391 | D:3      | Reached skill level 2 in Polearms
  3871 | D:4      | Noticed an ogre
  3887 | D:4      | Killed an ogre
  3888 | D:4      | Reached skill level 3 in Polearms
  4087 | D:4      | Reached XP level 6. HP: 31/52 MP: 10/10
  4331 | D:4      | Found a runed translucent door.
  4332 | D:4      | Noticed Crazy Yiuf
  4395 | D:4      | Found a burning altar of Makhleb.
  4399 | D:4      | Found a glowing silver altar of Zin.
  4399 | D:4      | Noticed an Executioner
  4399 | D:4      | Noticed an angel
  4474 | D:4      | Noticed Menkaure
  4945 | D:4      | Found a snail-covered altar of Cheibriados.
  4945 | D:4      | Found a sparkling altar of Nemelex Xobeh.
  5015 | D:5      | Entered Level 5 of the Dungeon
  5118 | D:5      | Reached skill level 4 in Polearms
  5324 | D:5      | Noticed Ijyb
  5330 | D:5      | Learned a level 3 spell: Mephitic Cloud
  5645 | D:5      | Reached skill level 5 in Polearms
  5645 | D:5      | Reached skill level 1 in Conjurations
  5645 | D:5      | Reached skill level 1 in Poison Magic
  5983 | D:5      | Reached XP level 7. HP: 24/58 MP: 11/11
  6408 | D:5      | Killed Ijyb
  7058 | D:6      | Reached skill level 2 in Spellcasting
  7118 | D:6      | Reached skill level 6 in Polearms
  7852 | D:6      | Reached skill level 7 in Polearms
  7869 | D:6      | Reached XP level 8. HP: 63/66 MP: 10/14
  7956 | D:6      | Found a staircase to the Ecumenical Temple.
  8204 | D:6      | Reached skill level 8 in Polearms
  8280 | D:6      | Found an ancient bone altar of Kikubaaqudgha.
  9065 | D:7      | Reached skill level 9 in Polearms
  9153 | D:7      | Found a glowing golden altar of the Shining One.
  9156 | D:7      | Found a roughly hewn altar of Beogh.
  9497 | D:7      | Found a blossoming altar of Fedhas.
  9502 | D:7      | Found a shadowy altar of Dithmenos.
  9502 | D:7      | Found a sacrificial altar of Ru.
  9648 | D:7      | Reached skill level 10 in Polearms
  9648 | D:7      | Reached XP level 9. HP: 71/71 MP: 12/15
  9921 | D:4      | Found a sparkling altar of Nemelex Xobeh.
  9922 | D:4      | Found a snail-covered altar of Cheibriados.
 10061 | D:4      | HP: 12/71 [??? (9)]
 10353 | D:4      | Killed Menkaure
 10631 | D:4      | Found a burning altar of Makhleb.
 10636 | D:4      | Found a glowing silver altar of Zin.
 10754 | D:4      | Found a runed translucent door.
 10774 | D:4      | Killed Crazy Yiuf
 10787 | D:4      | HP: 17/71 [poisoned by Crazy Yiuf]
 10794 | D:4      | HP: 17/71 [poisoned by Crazy Yiuf]
 10802 | D:4      | HP: 17/71 [poisoned by Crazy Yiuf]
 11250 | D:8      | Reached skill level 1 in Evocations
 11797 | D:8      | Reached skill level 2 in Evocations
 12167 | D:8      | Found a transporter.
 12204 | D:8      | Noticed an ice statue
 12209 | D:8      | Found a transporter.
 12212 | D:8      | Noticed Forgeling's ghost (novice FoDe)
 12321 | D:8      | Found a staircase to the Lair.
 12411 | D:8      | Reached skill level 3 in Evocations
 12716 | D:9      | Found a blossoming altar of Fedhas.
 12744 | D:9      | HP: 17/71 [something (3)]
 12750 | D:9      | HP: 14/65 [something (2)]
 13359 | D:9      | Reached skill level 4 in Evocations
 13769 | D:9      | Found a staircase to the Orcish Mines.
 14196 | D:10     | Entered Level 10 of the Dungeon
 14233 | D:10     | Reached skill level 5 in Evocations
 14432 | D:9      | Learned a level 2 spell: Blink
 14471 | D:10     | Found a sparkling altar of Nemelex Xobeh.
 14528 | D:10     | Reached skill level 11 in Polearms
 14711 | D:10     | Reached XP level 10. HP: 55/78 MP: 7/16
 15460 | D:11     | Reached skill level 12 in Polearms
 15609 | D:11     | Killed an unseen horror
 16132 | D:11     | Reached skill level 13 in Polearms
 16234 | D:11     | Killed an unseen horror
 16470 | D:11     | You fall into a shaft and drop 3 floors!
 16545 | D:14     | Learned a level 3 spell: Conjure Flame
 16552 | D:14     | Noticed a centaur warrior
 16577 | D:13     | Noticed a death knight
 16577 | D:13     | Noticed a phantasmal warrior
 16577 | D:13     | Noticed a phantasmal warrior
 16581 | D:13     | Noticed a centaur warrior
 16582 | D:13     | HP: 9/66 [centaur warrior/arrow (10)]
 16583 | D:13     | Slain by an orc warrior

Illustrated notes

Levels and vault maps discovered:
D:1:      minmay_arrival_solitary_statue, layout_basic,
          kennysheep_decorative_pillar
D:2:      layout_loops_cross, kennysheep_another_room, uniq_terence
D:3:      layout_loops_ring, chequers_serial_rivers_marsh, minmay_hedge_maze,
          corner_web_ring
D:4:      layout_loops_cross, grunt_temple_overflow_order_and_chaos_2,
          gammafunk_temple_overflow_pools, uniq_menkaure,
          uniq_crazy_yiuf_cottage
D:5:      layout_gridville, uniq_ijyb
D:6:      layout_loops_ring, lemuel_coloured_pillars_altar, temple_pool_b
D:7:      layout_cave_pools, grunt_temple_overflow_open,
          david_defended_altar_orc
D:8:      layout_cave_pools, lair_entry_dummy, nzn_ghost_randoct
D:9:      layout_roguey, david_orc_3, fedhas_bush_and_centaur_altar
D:10:     layout_cave_pools, serial_column_ruins, column_ruins_circle_medium,
          column_ruins_columns_T, column_ruins_open_tiny,
          column_ruins_open_small, column_ruins_corridor_straight,
          nemelex_xobeh_ov_fountains_minmay
D:11:     layout_cave_pods
D:13:     layout_stronghold, skrybe_vaults_entry_preservation, uniq_josephine
D:14:     layout_rooms, serial_shops, shop, minivault_19, uniq_roxanne

Skill      XL: |  1  2  3  4  5  6  7  8  9 10 |
---------------+-------------------------------+-----
Fighting       | 1 2 3 |  3.9
Polearms       | 1 3 5 7 10 11 13 | 13.3
Throwing       | 1 |  1.0
Conjurations   | 1 |  1.1
Poison Magic   | 1 |  1.0
Spellcasting   | 2 |  2.0
Evocations     | 5 |  5.0
Stealth        | |  1.0
Shields        | |  1.0
Summonings     | |  4.5
Transmutations | |  1.0
Air Magic      | |  1.0

Action                   |  1- 3 |  4- 6 |  7- 9 | 10-12 || total
-------------------------+-------+-------+-------+-------++-------
Melee: Club              |    42 |       |       |       ||    42
       Spear             |    54 |    44 |       |       ||    98
       Trident           |       |   186 |   455 |    27 ||   668
       Halberd           |       |       |    66 |    84 ||   150
Throw: Dart              |    40 |    47 |   128 |     6 ||   221
       Javelin           |       |       |    13 |     1 ||    14
 Cast: Magic Dart        |    32 |       |       |       ||    32
       Call Imp          |       |     8 |    36 |    12 ||    56
       Mephitic Cloud    |       |       |    34 |     6 ||    40
       Blink             |       |       |       |     4 ||     4
Evoke: Wand              |       |       |       |     3 ||     3
  Use: Scroll            |     1 |     6 |     7 |     3 ||    17
       Potion            |     2 |       |     2 |       ||     4
 Stab: Sleeping          |     3 |     3 |     3 |     2 ||    11
       Distracted        |       |     1 |     4 |       ||     5
       Confused          |       |       |    22 |     2 ||    24
Armor: Robe              |    32 |    23 |       |       ||    55
       Skin              |     9 |       |    16 |       ||    25
       Leather armour    |       |    26 |   115 |    36 ||   177
Dodge: Dodged            |    91 |   109 |   217 |    49 ||   466

Table legend: (Time is in decaauts)
 A = Elapsed time spent in this place.
 B = Non-inter-level travel time spent in this place.
 C = Inter-level travel time spent in this place.
 D = Time resting spent in this place.
 E = Time spent auto-exploring this place.
 F = Levels seen in this place.
 G = Mean time per level.
                   A        B        C        D        E       F      G
               +--------+--------+--------+--------+--------+-----+--------+
         Total |  16536 |  16055 |    481 |   5581 |   7701 |  13 | 1272.0 |
       Dungeon |  16536 |  16055 |    481 |   5581 |   7701 |  13 | 1272.0 |
               +--------+--------+--------+--------+--------+-----+--------+

Top non-repeatable levels by time:
     D:4: 2368 daAuts
     D:5: 2235 daAuts
     D:8: 1570 daAuts
     D:2: 1486 daAuts
     D:6: 1481 daAuts
     D:9: 1423 daAuts
     D:1: 1314 daAuts
     D:3: 1196 daAuts
     D:7: 1181 daAuts
    D:11: 1139 daAuts
    D:10: 1029 daAuts
    D:14: 95 daAuts
    D:13: 12 daAuts

Table legend:
 A = Kills in this place as a percentage of kills in entire the game.
 B = Kills by you in this place as a percentage of kills by you in the entire game.
 C = Kills by friends in this place as a percentage of kills by friends in the entire game.
 D = Other kills in this place as a percentage of other kills in the entire game.
 E = Experience gained in this place as a percentage of experience gained in the entire game.
 F = Experience gained in this place divided by the number of levels of this place that you have seen.
                   A       B       C       D       E      F
               +-------+-------+-------+-------+-------+----------------------
         Total | 100.0 | 100.0 | 100.0 | 100.0 | 100.0 | 872.5
       Dungeon | 100.0 | 100.0 | 100.0 | 100.0 | 100.0 | 872.5
               +-------+-------+-------+-------+-------+----------------------
